 Dungeon Crawl Stone Soup version 0.29.1-2-gbd0b4ee654 (webtiles) character file.

Game seed: 15741205436627890048

14 Avanven the Vexing (level 2, 0/23 HPs)
             Began as a Gnoll Arcane Marksman on Nov 8, 2022.
             Slain by an adder (3 damage)
             ... on level 2 of the Dungeon.
             The game lasted 00:01:45 (814 turns).

Avanven the Vexing (Gnoll Arcane Marksman)           Turns: 814, Time: 00:01:46

Health: 0/23       AC:  2    Str:  9    XL:     2   Next: 41%
Magic:  4/5        EV: 13    Int: 12    God:
Gold:   56         SH:  3    Dex: 12    Spells: 5/6 levels left

rFire   . . .      SeeInvis .   a - +1 sling
rCold   . . .      Faith    .   d - +0 buckler
rNeg    . . .      Spirit   .   c - +0 robe
rPois   .          Reflect  .   (no helmet)
rElec   .          Harm     .   (no cloak)
rCorr   .          Rampage  .   (no gloves)
Will    .....      Clarity  +   (no boots)
Stlth   +.........              (no amulet)
HPRegen 0.07/turn               (no ring)
MPRegen 0.09/turn               (no ring)

@: lethally poisoned (0 -> -6)
A: fangs 1, strong nose, distributed training, clarity, mutation resistance 1
a: no special abilities


You were on level 2 of the Dungeon.
You visited 1 branch of the dungeon, and saw 2 of its levels.

You collected 56 gold pieces.

Inventory:

Hand Weapons
 a - a +1 sling (weapon)
Armour
 c - a +0 robe (worn)
 d - a +0 buckler (worn)
Scrolls
 b - 2 scrolls of poison
 e - 2 scrolls of noise {unknown}
 g - a scroll of blinking {unknown}
 h - 3 scrolls of identify {unknown}
 i - a scroll of enchant armour {unknown}
 j - a scroll of butterflies {unknown}
 l - 3 scrolls of brand weapon {unknown}
 n - a scroll of magic mapping {unknown}
Potions
 f - a potion of curing {unknown}
 m - a potion of mutation
 o - a potion of flight


   Skills:
 + Level 2.5 Fighting
 + Level 0.4 Short Blades
 + Level 0.4 Long Blades
 + Level 0.4 Axes
 + Level 0.4 Maces & Flails
 + Level 0.4 Polearms
 + Level 0.4 Staves
 + Level 4.5 Ranged Weapons
 + Level 0.4 Throwing
 + Level 0.4 Armour
 + Level 4.5 Dodging
 + Level 0.4 Stealth
 + Level 0.4 Shields
 + Level 0.4 Unarmed Combat
 + Level 2.7 Spellcasting
 + Level 0.2 Conjurations
 + Level 5.3 Hexes
 + Level 0.2 Summonings
 + Level 0.2 Necromancy
 + Level 0.2 Translocations
 + Level 0.2 Transmutations
 + Level 0.2 Fire Magic
 + Level 0.2 Ice Magic
 + Level 0.2 Air Magic
 + Level 0.2 Earth Magic
 + Level 0.2 Poison Magic
 + Level 0.5 Invocations
 + Level 0.4 Evocations


You had 5 spell levels left.
You knew the following spells:

 Your Spells              Type           Power      Damage    Failure   Level
a - Slow                  Hex            56%        N/A       3%          1

Your spell library contained the following spells:

 Spells                   Type           Power      Damage    Failure   Level
 Inner Flame              Hex/Fire       8%         N/A       32%         3
 Portal Projectile        Hex/Tloc       16%        N/A       32%         3
 Cause Fear               Hex            7%         N/A       36%         4
 Silence                  Hex/Air        4%         N/A       96%         5
 Passage of Golubria      Tloc           2%         N/A       97%         4
 Lehudib's Crystal Spear  Conj/Erth      1%         10d2      100%        8


Dungeon Overview and Level Annotations

Branches:
Dungeon (2/15)

Altars:


Innate Abilities, Weirdness & Mutations

You have very sharp teeth.
Your uncanny sense of smell can sniff out nearby items.
Your experience applies equally to all skills.
You possess an exceptional clarity of mind.
You are somewhat resistant to further mutation.


Message History

You shoot a sling bullet. The sling bullet hits the adder.
The adder is lightly wounded.
The adder bites you but does no damage. The adder bites you.
You are poisoned.
The adder poisons you!
You shoot a sling bullet.
The sling bullet barely misses the adder.
You feel sick. The adder bites you.
You shoot a sling bullet.
The sling bullet barely misses the adder.
You feel sick. The adder closely misses you. x2
You shoot a sling bullet. The sling bullet hits the adder.
The adder is severely wounded.
You feel sick. The adder bites you.
You are more poisoned.
The adder poisons you! The adder barely misses you.
You are too injured to fight recklessly!
You are too injured to fight recklessly!
You are too injured to fight recklessly!
Casting: Slow (safe; 3% risk of failure)
Confirm with . or Enter, or press ? or * to list all spells.
Aiming: Slow (safe; 3% risk of failure)
Press: ? - help, Shift-Dir - straight line, f/p - adder
Aim: an adder (heavily wounded, chance to affect: 62%)
The adder seems to slow down.
You feel sick.
It was a potion of mutation.
You feel extremely strange.
You feel genetically stable.
Your thoughts seem clearer.
You feel sick. The adder barely misses you.
It was a potion of flight.
You feel very buoyant.
You fly up into the air.
You feel sick. The adder bites you.
* * * LOW HITPOINT WARNING * * *
You are lethally poisoned!
The adder poisons you!
It was a potion of cancellation.
Your magical effects are unravelling.
You feel magically purged.
You float gracefully downwards.
* * * LOW HITPOINT WARNING * * *
You feel sick. The adder bites you.
You die...

... #.# #.# #.# # #.#
... #.# #.# #S# #.#
####@####.# #.#
#.......(.#
#.###########.##.######
#................#
..#...........####
....########### ..###
.## .######


You could see an adder (slow).

Vanquished Creatures
  A worm (D:2)
  A dart slug (D:1)
  A ball python (D:2)
  2 kobolds
  2 quokkas (D:1)
  A bat (D:1)
  A goblin (D:2)
9 creatures vanquished.

Notes
Turn   | Place    | Note
-------+----------+-------------------------------------------
     0 | D:1      | Avanven the Gnoll Arcane Marksman began the quest for the
                  | Orb.
     0 | D:1      | Reached XP level 1. HP: 17/17 MP: 4/4
   248 | D:1      | Reached XP level 2. HP: 23/23 MP: 5/5
   268 | D:1      | Found a faded altar of an unknown god.
   812 | D:2      | Gained mutation: You are somewhat resistant to further
                  | mutation. [potion of mutation]
   812 | D:2      | Gained mutation: You possess an exceptional clarity of
                  | mind. [potion of mutation]
   814 | D:2      | Slain by an adder

Illustrated notes

Levels and vault maps discovered:
D:1:      lightli_arrival_farm, layout_basic, chequers_ecumenical_altar_grove
D:2:      layout_loops_ring

Action                   || total
-------------------------++-------
 Fire: Sling             ||    31
 Cast: Slow              ||     4
  Use: Potion            ||     3
Armor: Robe              ||     2
Dodge: Dodged            ||     4
